cohdb
Replays
Latest Replays
All Replays
Popular Replays
Top Player Replays
Match Explorer
How It Works
Community
CoH3 Stats
Reddit
Sign in to upload your games and track your stats! →
Sign in with Steam
Match 44245968
Unlisted
Match 44245968
Overview
Messages
Build Orders
End
Construct Weapon Support Center
Engineer Squad
M1919 Machine Gun Team
Selects Heavy Weapons
Bazooka Squad
M1919 Machine Gun Team
Air Support Center
Engineer Squad
Selects Assault Carriers
M3 Assault Carrier
M3 Assault Carrier
Bazooka Squad
Grasshopper Recon Run
Double Sortie
Double Sortie
P-47 Strafing Run
P-47 Dive Bomb
Selects M2HB .50cal Heavy Machine Gun
M3 Assault Carrier
M3 Assault Carrier
Selects Halftrack Strongpoints
Improved Aircraft Armor
Improved Aircraft Armor
M3 Assault Carrier
Grasshopper Recon Run
M3 Assault Carrier
Grasshopper Recon Run
Gwangju's Hero Chun Doo-gwang
freedman1984
ComradeIgor
thicol14
Seven
Eisenhammer
Ket
Herogus3xD
0
0
Comments
sign in to comment!
No comments posted yet!